 Dungeon Crawl Stone Soup version 0.31-a0-263-ge8cad7f256 (webtiles) character file.

Game seed: 9914365590066687896

18 qw the Shooter (level 2, -2/24 HPs)
             Began as a Minotaur Hexslinger on July 13, 2023.
             Slain by a goblin
             ... wielding a +0 club
             ... led by Robin
              (5 damage)
             ... on level 2 of the Dungeon.
             The game lasted 00:00:14 (662 turns).

qw the Shooter (Minotaur Hexslinger)                 Turns: 662, Time: 00:00:14

Health: -2/24      AC:  5    Str: 12    XL:     2   Next: 51%
Magic:  2/2        EV: 15    Int: 10    God:
Gold:   25         SH:  5    Dex: 12    Spells: 2/3 levels left

rFire   . . .        Y - +1 sling (freeze)
rCold   . . .        (no shield)
rNeg    . . .        g - +0 ring mail
rPois   .            (helmet restricted)
rElec   .            (no cloak)
rCorr   .            (no gloves)
SInv    .            (no boots)
Will    .....        k - amulet of reflection
Stlth   +            f - +5 ring of evasion
HPRegen 0.24/turn    (no ring)
MPRegen 0.08/turn

%: reflection
@: no status effects
A: horns 2, retaliatory headbutt
a: no special abilities


You were on level 2 of the Dungeon.
You visited 1 branch of the dungeon, and saw 2 of its levels.

You collected 25 gold pieces.


Innate Abilities, Weirdness & Mutations

You have a pair of horns on your head.
You reflexively headbutt those who attack you in melee.


   Skills:
 - Level 2.0 Fighting
 + Level 3.1 Ranged Weapons
 - Level 2.1 Dodging
 - Level 1.0 Spellcasting
 - Level 2.0 Hexes


You had 2 spell levels left.
You knew the following spells:

 Your Spells              Type           Power      Damage    Failure   Level
a - Slow                  Hex            16%        N/A       34%         1

Your spell library contained the following spells:

 Spells                   Type           Power      Damage    Failure   Level
 Inner Flame              Hex/Fire       2%         N/A       83%         3
 Portal Projectile        Hex/Tloc       4%         N/A       83%         3
 Cause Fear               Hex            2%         N/A       98%         4

Inventory:

Hand Weapons
 Y - a +1 sling of freezing (weapon)
Armour
 g - a +0 ring mail (worn)
Jewellery
 f - a +5 ring of evasion (left hand)
 i - a ring of fire
 k - an amulet of reflection (around neck)
Potions
 d - a potion of lignification {unknown}
 h - a potion of magic {unknown}

Dungeon Overview and Level Annotations

Branches:
Dungeon (2/15)

Altars:

Annotations:
D:2 Robin


Message History

You shoot a sling bullet.
The sling bullet closely misses the hobgoblin.
The sling bullet hits the goblin.
The sling bullet freezes the goblin.
The goblin is severely wounded.
You hear a shout!
Robin throws the goblin at you! The goblin closely misses you.
A goblin comes into view. It is wielding a +0 club.
You shoot a sling bullet.
The sling bullet completely misses the goblin.
Robin throws the goblin at you! The goblin completely misses you.
The goblin hits you but does no damage.
A goblin comes into view. It is wielding a +0 club.
Robin throws the goblin at you! The goblin misses you.
You block the hobgoblin's attack.
You shoot a sling bullet.
The sling bullet closely misses the hobgoblin.
The adder barely misses you. The hobgoblin barely misses you.
The goblin completely misses you. The goblin hits you with a +0 dagger.
You block the goblin's attack. The adder closely misses you.
You shoot a sling bullet.
The sling bullet hits the hobgoblin but does no damage.
The hobgoblin is severely wounded.
The adder misses you. The adder closely misses you.
You block the hobgoblin's attack. The adder misses you.
You block the goblin's attack. x2; The goblin hits you but does no damage.
The goblin misses you.
You shoot a sling bullet. The sling bullet hits the hobgoblin.
The sling bullet freezes the hobgoblin.
You kill the hobgoblin!
The adder bites you but does no damage. You block the adder's attack.
The goblin barely misses you. The goblin misses you.
The goblin hits you with a +0 club. The goblin hits you with a +0 dagger.
The adder bites you but does no damage. x2; The goblin closely misses you.
The goblin hits you with a +0 club. x2; The goblin hits you with a +0 dagger.
The goblin misses you.
662 ||| STAIRDANCE You block the adder's attack.
The adder bites you but does no damage. The goblin misses you.
You furiously retaliate!
You headbutt the goblin. The goblin hits you with a +0 club.
You die...

########### .
..........# ..
..........##...
..........g.g
......SSgg#
......g@g.#
......ggg.#
.####.##### #.
. #. #


You could see Robin, 2 adders, a hobgoblin (strong) and 7 goblins.

Vanquished Creatures
  A dart slug (D:1)
  4 bats (D:1)
  An endoplasm (D:1)
  A goblin (D:1)
  2 hobgoblins
  2 kobolds (D:1)
  A quokka (D:1)
  A ball python (D:1)
  3 rats (D:1)
16 creatures vanquished.

Notes
Turn   | Place    | Note
-------+----------+-------------------------------------------
     0 | D:1      | qw the Minotaur Hexslinger began the quest for the Orb.
     0 | D:1      | Reached XP level 1. HP: 16/16 MP: 1/1
     0 | D:1      | 0 ||| qw: Version: 0.3-a-52-g30416fa
     0 | D:1      | 0 ||| qw: Game counter: 7203
     0 | D:1      | 0 ||| qw: Melee chars always use a shield: true
     0 | D:1      | 0 ||| qw: God list: Okawaru
     0 | D:1      | 0 ||| qw: Allow faded altars: false
     0 | D:1      | 0 ||| qw: Do Orc after clearing Dungeon:15 true
     0 | D:1      | 0 ||| qw: Do second Lair branch before Depths: true
     0 | D:1      | 0 ||| qw: Lair rune preference: random
     0 | D:1      | 0 ||| qw: Goals: Normal
     0 | D:1      | 0 ||| PLANNING D:1-11
   220 | D:1      | Reached skill level 3 in Ranged Weapons
   220 | D:1      | Reached XP level 2. HP: 23/23 MP: 2/2
   610 | D:1      | 610 ||| UPGRADING to +0 ring mail.
   620 | D:1      | 620 ||| DROPPING +0 robe.
   621 | D:1      | 621 ||| UPGRADING to amulet of reflection.
   626 | D:1      | 626 ||| UPGRADING to +5 ring of evasion.
   627 | D:1      | 627 ||| READING scroll labelled JUZECZA XYPYM.
   628 | D:1      | 628 ||| READING scroll labelled MEUGAGRERGHO.
   629 | D:1      | 629 ||| DROPPING scroll of poison.
   655 | D:2      | Noticed Robin
   661 | D:2      | HP: 6/24 [goblin/+0 club[Robin] (2)]
   662 | D:2      | 662 ||| STAIRDANCE
   662 | D:2      | Slain by a goblin

Levels and vault maps discovered:
D:1:      tarquinn_simple_flora_water_b, layout_basic
D:2:      wander_river, layout_rooms, hellmonk_ecumenical_altar_defaced_shrine,
          solitary_fountain, uniq_robin

Skill      XL: |  1  2 |
---------------+-------+-----
Ranged Weapons | 3 |  3.1
Fighting       | 2 |  2.0
Dodging        | |  2.1
Spellcasting   | |  1.0
Hexes          | |  2.0

Action                     || total
---------------------------++-------
   Fire: Sling             ||    46
    Use: Scroll            ||     2
 Armour: Robe              ||     6
         Ring mail         ||     9
  Dodge: Dodged            ||    26
  Block: Other             ||     7

Table legend:
 A = Non-vault XP
 B = Vault XP
 C = Vault XP percentage of total XP
 D = Non-vault monster count
 E = Vault monster count
 F = Vault count percentage of total count
                 A         B        C        D         E       F
            +---------+---------+-------+---------+---------+-------
      Total |      25 |       2 |   7.4 |      15 |       1 |   6.2
            +---------+---------+-------+---------+---------+-------
        D:1 |      25 |       0 |   0.0 |      15 |       0 |   0.0
        D:2 |       0 |       2 | 100.0 |       0 |       1 | 100.0
            +---------+---------+-------+---------+---------+-------
